 Dungeon Crawl Stone Soup version 0.18-b1-16-g289874d (webtiles) character file.

64 Wooh the Skirmisher (level 3, -7/31 HPs)
             Began as a Demigod Ice Elementalist on May 1, 2016.
             Mangled by a gnoll
             ... wielding a +0 halberd
              (12 damage)
             ... on level 2 of the Dungeon.
             The game lasted 00:04:56 (1857 turns).

Wooh the Skirmisher (Demigod Ice Elementalist)      Turns: 1857, Time: 00:04:56

Health: -7/31      AC:  3    Str: 11    XL:     3   Next: 64%
Magic:  8/8        EV: 12    Int: 21    God:
Gold:   138        SH:  0    Dex: 16    Spells: 2 memorised, 2 levels left

rFire  . . .     SeeInvis .     e - +0 whip
rCold  . . .     Gourm    .     a - +0 robe
rNeg   . . .     Faith    .     (no shield)
rPois  .         Spirit   .     (no helmet)
rElec  .         Dismiss  .     m - +0 cloak
rCorr  .         Reflect  .     (no gloves)
SustAt +         Harm     .     (no boots)
MR     .....                    (no amulet)
Stlth  ++........               (no ring)
                                p - ring of sustain attributes

@: starving, not resistant to hostile enchantments, unstealthy
A: high mp 1, sustain attributes
a: no special abilities


You were on level 2 of the Dungeon.
You were starving.

You visited 1 branch of the dungeon, and saw 2 of its levels.

You collected 138 gold pieces.

Inventory:

Hand Weapons
 e - a +0 whip (weapon)
Armour
 a - a +0 robe (worn)
 m - a +0 cloak (worn)
Jewellery
 p - a ring of sustain attributes (left hand)
Scrolls
 h - 3 scrolls of recharging {unknown}
 k - 2 scrolls of identify {unknown}
Potions
 d - a potion of resistance {unknown}
 f - 2 potions of invisibility {unknown}
 g - a potion of degeneration {unknown}
 i - a potion of agility {unknown}
 j - 2 potions of curing {unknown}
 l - a potion of brilliance {unknown}
 n - a potion of magic {unknown}
 o - a potion of berserk rage {unknown}
Books
 b - a book of Frost

   Spells                             Type                      Level
   a - Freeze                         Ice                          1
   b - Throw Frost                    Conjuration/Ice              2
   c - Ozocubu's Armour               Charms/Ice                   3
   d - Throw Icicle                   Conjuration/Ice              4
   e - Summon Ice Beast               Ice/Summoning                4
Comestibles
 c - a bread ration
 q - a beef jerky


   Skills:
 + Level 3.2 Fighting
 - Level 1.7 Dodging
 - Level 1.7 Stealth
 - Level 1.7 Spellcasting
 - Level 0.8 Conjurations
 - Level 2.6 Ice Magic


You had 2 spell levels left.
You knew the following spells:

 Your Spells              Type           Power        Failure   Level  Hunger
a - Freeze                Ice            ##..         6%          1    #......
b - Throw Frost           Conj/Ice       #.....       12%         2    ###....


Dungeon Overview and Level Annotations

Branches:
Dungeon (2/15)


Innate Abilities, Weirdness & Mutations

You have an increased reservoir of magic (+10% MP).
Your attributes are resistant to harm.


Message History

You hit the giant gecko.
The giant gecko is severely wounded.
The giant gecko misses you. The giant gecko bites you.
You hit the giant gecko.
The giant gecko is almost dead.
The giant gecko bites you.
You hit the giant gecko.
You kill the giant gecko!
Things that are here:
a club; a dagger You see here a club.
You see here 13 stones.
The gnoll shouts!
The gnoll shouts!
The gnoll hits you from afar with a halberd!
Ouch! That really hurt!
* * * LOW HITPOINT WARNING * * *
The gnoll closely misses you. The gnoll hits you with a halberd!
You die...

#######....#
#........_.# #
#..........# #
#.....g...## #
#...#.....# #
###..#_#....# #
#.....#.....# #
#.#....gg...# #
#.#....@.)..#
##########...........#
....)..........##.####
####..#.......###....#
# #.)####.....###....#
# #.## #............#
###.# #............#
.##.# ##(....###....#
....####..<...# #.####


You could see 3 gnolls.

Vanquished Creatures
  Ijyb (D:2)
  A worm (D:2)
  A dart slug (D:2)
  4 giant geckos
  A giant cockroach (D:1)
  5 goblins
  3 hobgoblins
  6 kobolds
  A quokka (D:2)
  A ball python (D:2)
  3 bats (D:1)
  3 giant newts (D:1)
  2 rats (D:2)
32 creatures vanquished.

Notes
Turn   | Place    | Note
--------------------------------------------------------------
     0 | D:1      | Wooh the Demigod Ice Elementalist began the quest for the Orb.
     0 | D:1      | Reached XP level 1. HP: 14/14 MP: 5/5
   215 | D:1      | Reached skill level 1 in Fighting
   332 | D:1      | Reached XP level 2. HP: 17/23 MP: 7/7
   632 | D:2      | Reached skill level 2 in Fighting
  1175 | D:2      | Reached XP level 3. HP: 22/30 MP: 8/8
  1232 | D:2      | Noticed Ijyb
  1237 | D:2      | Learned a level 2 spell: Throw Frost
  1570 | D:2      | Found a faded altar to an unknown god.
  1580 | D:2      | Found a snail-covered altar of Cheibriados.
  1638 | D:2      | Killed Ijyb
  1638 | D:2      | Reached skill level 3 in Fighting
  1857 | D:2      | Mangled by a gnoll

Skill      XL: |  1  2  3 |
---------------+----------+-----
Fighting       | 1 2 3 |  3.2
Dodging        | |  1.7
Stealth        | |  1.7
Spellcasting   | |  1.7
Conjurations   | |  0.8
Ice Magic      | |  2.6

Action                   || total
-------------------------++-------
Melee: Whip              ||   114
 Cast: Freeze            ||    21
       Throw Frost       ||     2
 Stab: Sleeping          ||     3
  Eat: Chunk             ||     1
Armor: Robe              ||    17
Dodge: Dodged            ||    81
